 Dungeon Crawl Stone Soup version 0.28-a0-461-g2dc4ca5097 (webtiles) character file.

Game seed: 17706099867167409905

186318 siradein the Warrior (level 17, -6/170 HPs)
             Began as a Minotaur Gladiator on Sept 13, 2021.
             Was an Initiate of Gozag.
             Mangled by an Executioner (15 damage)
             ... summoned by Asterion
             ... on level 1 of the Spider Nest on Sept 14, 2021.
             The game lasted 01:58:06 (42029 turns).

siradein the Warrior (Minotaur Gladiator)          Turns: 42029, Time: 01:58:08

Health: -6/170     AC: 33    Str: 23    XL:     17   Next: 42%
Magic:  16/16      EV: 11    Int:  5    God:    Gozag
Gold:   3041       SH: 13    Dex: 21    Spells: 16/16 levels left

rFire   + + .      SeeInvis .   c - +3 demon trident (vamp)
rCold   + + +      Faith    .   A - +2 buckler
rNeg    . . .      Spirit   .   E - +7 chain mail of Lyemapoe {rF++ Slay+3}
rPois   +          Reflect  +   Q - +2 hat
rElec   +          Harm     .   X - +1 cloak of the Tundras {rElec rPois}
rCorr   .          Rampage  +   x - +0 pair of gloves
Will    ++++.                   S - +2 pair of boots {rampage}
Stlth   ..........              C - amulet of reflection
HPRegen 0.38/turn               d - ring "Ugysong" {Fly rC+++ Dex+6 Stlth-}
MPRegen 0.15/turn               o - ring "Zashagiur" {rPois rC+ Will+++}

@: flying
A: horns 2, retaliatory headbutt
}: 1/15 runes: barnacled
a: Renounce Religion, Potion Petition, Call Merchant, Bribe Branch


You were on level 1 of the Spider Nest.
You worshipped Gozag.
Gozag was most pleased with you.
You visited 6 branches of the dungeon, and saw 29 of its levels.
You visited the Abyss 1 time.
You also visited: Gauntlet.

You collected 9717 gold pieces.
You spent 3597 gold pieces at shops.
You paid 3079 gold pieces to Gozag.

Inventory:

Hand Weapons
 c - a +3 vampiric demon trident (weapon)
 s - the +8 whip of Orph {spect, rPois Int+2}
   (You bought it in a shop on level 13 of the Dungeon)

   When its wielder attacks, the weapon's spirit leaps out and strikes again.
   The spirit shares a part of any damage it takes with its wielder.
   Int:       It affects your intelligence (+2).
   rPois:     It protects you from poison.
 O - the +10 dark maul {vorpal}
   (You took it off a two-headed ogre on level 8 of the Dungeon)

   It inflicts extra damage upon your enemies.
Missiles
 u - a throwing net (quivered)
Armour
 x - a +0 pair of gloves (worn)
 A - a +2 buckler (worn)
 E - the +7 chain mail of Lyemapoe (worn) {rF++ Slay+3}
   (You found it on level 14 of the Dungeon)

   Slay:      It affects your accuracy & damage with ranged weapons and melee
   (+3).
   rF:        It greatly protects you from fire.
 Q - a +2 hat (worn)
 S - a +2 pair of boots of rampaging (worn)
 X - the +1 cloak of the Tundras (worn) {rElec rPois}
   (You found it in a Gauntlet)

   rElec:     It insulates you from electricity.
   rPois:     It protects you from poison.
Jewellery
 d - the ring "Ugysong" (left hand) {Fly rC+++ Dex+6 Stlth-}
   (You found it on level 2 of the Shoals)

   [ring of dexterity]

   Dex:       It affects your dexterity (+6).
   rC:        It renders you almost immune to cold.
   Fly:       It grants you flight.
   Stlth:     It makes you less stealthy.
 o - the ring "Zashagiur" (right hand) {rPois rC+ Will+++}
   (You found it on level 1 of the Shoals)

   [ring of poison resistance]

   rC:        It protects you from cold.
   rPois:     It protects you from poison.
   Will:      It greatly increases your willpower.
 C - an amulet of reflection (around neck)
 U - the ring of Ajow {rC+ rCorr Str+3}
   (You found it on level 10 of the Dungeon)

   [ring of resist corrosion]

   Str:       It affects your strength (+3).
   rC:        It protects you from cold.
   rCorr:     It protects you from acid and corrosion.
Wands
 g - a wand of digging (4)
 q - a wand of acid (10)
 B - a wand of mindburst (60)
 D - a wand of paralysis (57)
 F - a wand of iceblast (26)
 G - a wand of polymorph (22)
 I - a wand of flame (54)
 Y - a wand of charming (13)
Scrolls
 e - 2 scrolls of holy word
 j - 2 scrolls of summoning
 k - 5 scrolls of teleportation
 m - 4 scrolls of fog
 v - a scroll of acquirement
 w - 3 scrolls of vulnerability
 y - 3 scrolls of silence
 z - 4 scrolls of magic mapping
 J - a scroll of brand weapon
 K - 2 scrolls of enchant armour {unknown}
 P - a scroll of torment {unknown}
 T - 2 scrolls of immolation
 V - a scroll of blinking {unknown}
 W - 2 scrolls of fear
Potions
 a - 14 potions of curing
 b - 2 potions of berserk rage
 f - 5 potions of haste
 h - 4 potions of ambrosia
 i - 6 potions of heal wounds
 l - a potion of brilliance
 n - 2 potions of mutation
 p - 3 potions of invisibility
 r - 5 potions of cancellation
 H - 3 potions of flight {unknown}
 L - 4 potions of lignification {unknown}
 M - 6 potions of attraction {unknown}
 R - a potion of might {unknown}
 Z - a potion of magic {unknown}
Miscellaneous
 t - a box of beasts
 N - a lightning rod (4/4)


   Skills:
 + Level 20.3 Fighting
 + Level 18.1 Maces & Flails
 + Level 12.1 Polearms
 - Level 2.0 Throwing
 + Level 20.2 Armour
 - Level 3.2 Dodging
 - Level 4.0 Shields


You had 16 spell levels left.
You didn't know any spells.
Your spell library contained the following spells:

 Spells                   Type           Power      Damage    Failure   Level
 Animate Skeleton         Necr           0%         N/A       88%         1
 Apportation              Tloc           0%         N/A       88%         1
 Foxfire                  Conj/Fire      0%         2x1d4     88%         1
 Pain                     Necr           0%         1d4       88%         1
 Shock                    Conj/Air       0%         1d3       88%         1
 Sting                    Tmut/Pois      0%         1d3       88%         1
 Passwall                 Tmut/Erth      0%         N/A       95%         2
 Poisonous Vapours        Pois/Air       0%         N/A       95%         2
 Call Canine Familiar     Summ           0%         N/A       99%         3
 Conjure Flame            Conj/Fire      0%         6-21      99%         3
 Gell's Gravitas          Tloc           0%         N/A       99%         3
 Ignite Poison            Fire/Tmut/Pois 0%         N/A       99%         3
 Inner Flame              Hex/Fire       0%         N/A       99%         3
 Lesser Beckoning         Tloc           0%         N/A       99%         3
 Portal Projectile        Hex/Tloc       0%         N/A       99%         3
 Stone Arrow              Conj/Erth      0%         3d7       99%         3
 Swiftness                Air            0%         N/A       99%         3
 Teleport Other           Tloc           0%         N/A       99%         3
 Vampiric Draining        Necr           0%         2d6       99%         3
 Airstrike                Air            0%         N/A       100%        4
 Animate Armour           Summ/Erth      0%         N/A       100%        4
 Animate Dead             Necr           0%         N/A       100%        4
 Flame Wave               Conj/Fire      0%         3d3       100%        4
 Leda's Liquefaction      Hex/Erth       0%         N/A       100%        4
 Olgreb's Toxic Radiance  Pois           0%         N/A       100%        4
 Sticky Flame             Conj/Fire      0%         2d3       100%        4
 Summon Lightning Spire   Summ/Air       0%         N/A       100%        4
 Agony                    Necr           0%         N/A       100%        5
 Alistair's Intoxication  Tmut/Pois      0%         N/A       100%        5
 Excruciating Wounds      Necr           0%         N/A       100%        5
 Fireball                 Conj/Fire      0%         3d3       100%        5
 Freezing Cloud           Conj/Ice/Air   0%         6-21      100%        5
 Lightning Bolt           Conj/Air       0%         1d11      100%        5
 Dispersal                Tloc           0%         N/A       100%        6
 Invisibility             Hex            0%         N/A       100%        6
 Simulacrum               Ice/Necr       0%         N/A       100%        6
 Starburst                Conj/Fire      0%         6d3       100%        6
 Haunt                    Necr/Summ      0%         N/A       100%        7
 Ignition                 Fire           0%         3d3       100%        8
 Infestation              Necr           0%         N/A       100%        8
 Lehudib's Crystal Spear  Conj/Erth      0%         10d2      100%        8
 Polar Vortex             Ice            0%         N/A       100%        9


Dungeon Overview and Level Annotations

Branches:
Dungeon (15/15)            Temple (1/1) D:7            Lair (6/6) D:8
 Shoals (4/4) Lair:4       Spider (1/4) Lair:2        Slime (0/5) Lair:5
    Orc (2/2) D:12            Elf (0/3) Orc:2        Vaults (0/5) D:14
 Depths (0/5) D:15        Gauntlet (visited)

Altars:
Ashenzari
Cheibriados
Dithmenos
Elyvilon
Fedhas
Gozag
Hepliaklqana
Kikubaaqudgha
Makhleb
Nemelex Xobeh
Okawaru
Qazlal
Ru
Sif Muna
Trog
Uskayaw
Vehumet
Wu Jian
Xom
Yredelemnul
Zin
The Shining One
Beogh
Jiyva

Shops:
D:8 :   D:9 [   D:13 (   Orc:2 *[=[   Lair:4 (   Lair:5 =   Shoals:2 [
Shoals:3 *

Annotations:
Spider:1 Asterion
Abyss:1 Maggie, Pikel


Innate Abilities, Weirdness & Mutations

You have a pair of horns on your head.
You reflexively headbutt those who attack you in melee.


Message History

You block the Executioner's attack. x2
The Executioner hits you but does no damage. x4
You block the Executioner's attack.
The Executioner hits you but does no damage.
You block the Executioner's attack. The Executioner hits you!
* * * LOW HITPOINT WARNING * * *
The Executioner hits you.
* * * LOW HITPOINT WARNING * * *
The Executioner barely misses you.
The orb spider begins to weave its threads into a brightly glowing ball.
Asterion says, "My mother, she was a queen."
As you read the scroll of fear, it crumbles to dust.
You assume a fearsome visage.
Asterion resists with almost no effort.
The Executioner is unaffected.
The orb spider looks frightened!
You block the Executioner's attack. x2
The Executioner hits you but does no damage.
The Executioner hits you!
* * * LOW HITPOINT WARNING * * *
The Executioner completely misses you. The Executioner barely misses you.
Asterion hits you but does no damage. Asterion gores you!
* * * LOW HITPOINT WARNING * * *
The Executioner hits you.
* * * LOW HITPOINT WARNING * * *
The Executioner hits you but does no damage.
The Executioner closely misses you.
You feel much better.
The Executioner hits you but does no damage.
You block the Executioner's attack. The Executioner hits you.
* * * LOW HITPOINT WARNING * * *
You block the Executioner's attack.
The Executioner hits you but does no damage. x2
Asterion conjures a destructive force in the name of Makhleb!
The orb of electricity explodes!
The orb of electricity engulfs you!! You resist.
* * * LOW HITPOINT WARNING * * *
The orb of electricity engulfs Asterion!!!
The orb of electricity engulfs the Executioner!!
The Executioner resists.
The Executioner hits you!
You die...
Your body crumbles into a pile of gold.

##.#........ #.......#..
#..^....... ###### ###
####.....^. ##....###
##.#######......
#.......#####...##..^.......
##........##............^....
###....#.....H..........(......
###.......#....1@................
#.##........s#.........#.........
.#...............#.........#....#
................#..............##
.........)...##..#............##
...................^....#.(...#
..............................
#........................#....
.[..............#... .......


You could see Asterion (fast), an Executioner (summoned, fast) and an orb spider
(charged, fleeing).

Vanquished Creatures
  3 krakens
  Donald (Shoals:1)
  An orc warlord (Orc:1)
  Azrael (D:14)
  3 merfolk javelineers (Shoals:4)
  6 merfolk impalers
  A great orb of eyes (D:15)
  3 vault guards (D:14)
  An ice dragon (shapeshifter) (D:15)
  An ice dragon (Shoals:1)
  3 boulder beetles
  12 hydras
  5 centaur warriors
  The ghost of Tinaerub the Eclecticist, a journeyman DEWz (D:13)
  2 merfolk avatars
  An ogre mage (D:14)
  2 catoblepae
  Erica (D:9)
  An alligator snapping turtle (Shoals:3)
  2 merfolk aquamancers (Shoals:4)
  2 death knights
  5 two-headed ogres
  The ghost of Maimakterion the Geomancer, a journeyman GrEE of Cheibriados (D:10)
  12 death yaks
  5 satyrs
  A deep troll shaman (Lair:6)
  Urug (D:12)
  10 orc high priests
  A skeletal warrior (D:15)
  11 sea snakes
  16 harpies
  2 wizards
  A lindwurm (Lair:5)
  A deep elf archer (D:14)
  A deep elf pyromancer (D:12)
  4 orb spiders
  11 fauns
  11 ugly things
  3 orc knights
  2 wolf spiders (Spider:1)
  22 manticores
  2 orc sorcerers
  A moth of wrath (D:10)
  10 cyclopes
  Maurice (D:8)
  4 elephants
  8 merfolk sirens
  15 cane toads
  5 black mambas
  A gargoyle (D:14)
  7 water nymphs
  2 unseen horrors
  A kobold demonologist (D:14)
  2 freezing wraiths
  8 rime drakes
  An efreet (D:15)
  11 komodo dragons
  3 tengu conjurers
  22 merfolk
  10 jumping spiders (Spider:1)
  8 trolls
  6 wind drakes
  4 polar bears
  Prince Ribbit (Lair:1)
  A hornet (Spider:1)
  5 slime creatures
  20 blink frogs
  5 snapping turtles
  4 dream sheep (Shoals:2)
  2 vampires
  4 wraiths
  A human (D:14)
  31 yaks
  2 shadows
  11 wyverns
  6 water elementals
  2 fire elementals (D:14)
  16 basilisks
  3 steam dragons
  13 wargs
  An acid dragon (Gauntlet)
  15 water moccasins
  2 hell hounds (D:14)
  25 orc warriors
  An ice beast (D:8)
  39 wolves
  3 ogres
  20 centaurs
  A lemure (D:9)
  A kobold brigand (D:9)
  12 bullfrogs
  4 scorpions
  2 gnoll sergeants
  A jelly (D:7)
  2 water moccasin skeletons
  11 killer bees
  9 wights
  4 electric eels
  7 howler monkeys
  3 centaur zombies
  A bullfrog zombie (D:6)
  4 hounds
  35 orc priests
  Crazy Yiuf (D:2)
  2 bullfrog skeletons
  A centaur skeleton (D:5)
  Ijyb (D:5)
  20 orc wizards
  3 iguanas
  3 hell rats (Lair:5)
  A scorpion zombie (D:5)
  Robin (D:2)
  20 gnolls
  5 adders
  A shadow imp (Gauntlet)
  5 white imps
  3 worms
  2 dart slugs
  88 orcs
  8 ball pythons
  5 bats
  7 endoplasms
  6 giant cockroaches
  17 goblins
  8 hobgoblins
  3 jackals (D:3)
  2 quokkas (D:3)
  5 frilled lizards
  26 kobolds
  6 rats
  9 tentacles
895 creatures vanquished.

Vanquished Creatures (others)
  A centaur warrior (D:13)
  A merfolk aquamancer (Shoals:4)
  An orc (D:7)
  2 kobolds (D:6)
  A bush (D:15)
  44 fungi
  195 plants
  20 tentacles
265 creatures vanquished.

Grand Total: 1160 creatures vanquished

Notes
Turn   | Place    | Note
-------+----------+-------------------------------------------
     0 | D:1      | siradein the Minotaur Gladiator began the quest for the
                  | Orb.
     0 | D:1      | Reached XP level 1. HP: 18/18 MP: 0/0
   267 | D:1      | Reached skill level 1 in Armour
   267 | D:1      | Reached XP level 2. HP: 19/25 MP: 1/1
   941 | D:2      | Reached XP level 3. HP: 31/31 MP: 2/2
  1341 | D:2      | Found a runed translucent door.
  1342 | D:2      | Noticed Crazy Yiuf
  1474 | D:2      | Noticed Robin
  1489 | D:2      | Reached XP level 4. HP: 18/39 MP: 3/3
  1503 | D:2      | Killed Robin
  2092 | D:3      | Noticed a scorpion
  2116 | D:3      | Killed a scorpion
  2117 | D:3      | Reached skill level 5 in Polearms
  2117 | D:3      | Reached XP level 5. HP: 20/46 MP: 4/4
  2392 | D:3      | Found a faded altar of an unknown god.
  2403 | D:3      | Found a shimmering altar of Xom.
  3129 | D:4      | Reached XP level 6. HP: 55/55 MP: 5/5
  3428 | D:4      | Reached skill level 5 in Fighting
  3551 | D:4      | Found a shadowy altar of Dithmenos.
  3865 | D:5      | Entered Level 5 of the Dungeon
  3943 | D:5      | Reached XP level 7. HP: 61/61 MP: 6/6
  4007 | D:5      | Reached skill level 5 in Armour
  4335 | D:5      | Noticed Ijyb
  4341 | D:5      | Killed Ijyb
  4389 | D:5      | Found a sparkling altar of Nemelex Xobeh.
  4430 | D:5      | Found a radiant altar of Vehumet.
  4723 | D:6      | Identified the +5 robe "Iguamarr" {rPois rCorr Int+2}
  4876 | D:6      | Reached XP level 8. HP: 61/71 MP: 7/7
  5319 | D:6      | Found a stormy altar of Qazlal.
  5886 | D:7      | Found a staircase to the Ecumenical Temple.
  6312 | D:7      | Reached XP level 9. HP: 70/82 MP: 8/8
  6547 | D:7      | Found a glowing golden altar of the Shining One.
  6550 | D:7      | Found a burning altar of Makhleb.
  7066 | Temple   | Entered the Ecumenical Temple
  7116 | Temple   | Became a worshipper of Gozag Ym Sagoz the Greedy
  7160 | D:8      | Noticed Maggie
  7627 | D:8      | Reached skill level 10 in Polearms
  7651 | D:8      | Reached skill level 10 in Fighting
  7710 | D:8      | Found a staircase to the Lair.
  7775 | D:8      | Reached XP level 10. HP: 69/93 MP: 9/9
  7959 | D:8      | Found Cekeboij's Book Shop.
  8003 | D:8      | Banished Maggie
  8004 | D:8      | Reached skill level 10 in Armour
  8086 | D:8      | Noticed a cyclops
  8096 | D:8      | Killed a cyclops
  8261 | D:8      | Noticed a two-headed ogre
  8261 | D:8      | Noticed Maurice
  8390 | D:9      | Found a white marble altar of Elyvilon.
  8489 | D:9      | Noticed a two-headed ogre
  8497 | D:9      | Found Ycuf's Antique Armour Shoppe.
  9021 | D:2      | Killed Crazy Yiuf
  9153 | D:8      | Killed a two-headed ogre
  9468 | D:8      | Banished a two-headed ogre
  9522 | D:8      | Found a bloodstained altar of Trog.
  9603 | D:8      | Killed Maurice
  9729 | D:8      | Noticed a cyclops
  9741 | D:8      | Killed a cyclops
  9874 | D:9      | Reached XP level 11. HP: 96/104 MP: 10/10
  9997 | D:9      | Noticed Erica
 10045 | D:9      | Killed Erica
 10285 | D:9      | Bought an ancient hat for 216 gold pieces
 10285 | D:9      | Identified the +0 hat of Hysteria {Int+3} (You bought it in
                  | a shop on level 9 of the Dungeon)
 10286 | D:9      | Bought a runed hat for 168 gold pieces
 10286 | D:9      | Bought a twisted leather armour for 168 gold pieces
 10286 | D:9      | Identified the +0 leather armour of Feasting {rElec rCorr
                  | Str+3} (You bought it in a shop on level 9 of the Dungeon)
 10286 | D:9      | Bought a pair of runed boots for 180 gold pieces
 10372 | D:9      | Reached skill level 5 in Maces & Flails
 10422 | D:9      | Noticed Pikel
 10440 | D:9      | Banished Pikel
 10907 | D:10     | Entered Level 10 of the Dungeon
 10907 | D:10     | Found a transporter.
 11256 | D:10     | Found a bloodstained altar of Trog.
 11256 | D:10     | Noticed Maimakterion's ghost (journeyman GrEE)
 11263 | D:10     | Found a transporter.
 11378 | D:10     | Identified the ring of Ajow {rC+ rCorr Str+3}
 11389 | D:10     | Noticed a two-headed ogre
 11396 | D:10     | Killed a two-headed ogre
 12167 | D:11     | Noticed a two-headed ogre
 12185 | D:11     | Killed a two-headed ogre
 12218 | D:11     | Found a gate leading to a gauntlet.
 12258 | Gauntlet | Entered a Gauntlet
 12258 | Gauntlet | Noticed an oklob plant
 12258 | Gauntlet | Found a transporter.
 12265 | Gauntlet | Found a transporter.
 12265 | Gauntlet | Found the ring of the Hare {EV+8}
 12267 | Gauntlet | Found a transporter.
 12273 | Gauntlet | Noticed a wizard
 12281 | Gauntlet | Found a transporter.
 12283 | Gauntlet | Found a transporter.
 12289 | Gauntlet | Noticed a ghost crab
 12304 | Gauntlet | Found a transporter.
 12316 | Gauntlet | Found a runed translucent door.
 12317 | Gauntlet | Noticed a blizzard demon
 12320 | Gauntlet | Found a transporter.
 12330 | Gauntlet | Found a transporter.
 12337 | Gauntlet | Noticed a death drake
 12342 | Gauntlet | Found a transporter.
 12342 | Gauntlet | Noticed a wretched star
 12343 | Gauntlet | Found a runed translucent door.
 12351 | Gauntlet | Found a runed translucent door.
 12357 | Gauntlet | Found a transporter.
 12369 | Gauntlet | Found a transporter.
 12369 | Gauntlet | Found a transporter.
 12414 | Gauntlet | Found a transporter.
 12428 | Gauntlet | Found a transporter.
 12758 | Gauntlet | Banished an oklob plant
 12881 | Gauntlet | Killed a wizard
 13025 | Gauntlet | Banished a blizzard demon
 13133 | Gauntlet | Identified the +1 cloak of the Tundras {rElec rPois}
 13185 | Gauntlet | Identified the ring of Cinueloe {rF+ rN+ AC+4}
 13185 | Gauntlet | Noticed a minotaur
 13423 | Gauntlet | Banished a minotaur
 13455 | D:11     | Reached XP level 12. HP: 115/115 MP: 11/11
 14324 | Lair:1   | Entered Level 1 of the Lair of Beasts
 14665 | Lair:1   | Noticed Prince Ribbit
 14706 | Lair:1   | Killed Prince Ribbit
 14859 | Lair:1   | Found an iron altar of Okawaru.
 15059 | Lair:1   | Cast into level 2 of the Abyss (unwielding a weapon of
                  | distortion)
 15059 | Abyss:2  | Found a corrupted altar of Lugonu.
 15080 | Lair:1   | Escaped the Abyss
 15512 | Lair:2   | Noticed a five-headed hydra
 15518 | Lair:2   | Killed a five-headed hydra
 15669 | Lair:2   | Found a hole to the Spider Nest.
 16106 | Lair:2   | Reached skill level 10 in Maces & Flails
 16748 | Lair:3   | Noticed an eight-headed hydra
 16946 | Lair:2   | Killed an eight-headed hydra
 17174 | Lair:3   | Noticed a catoblepas
 17184 | Lair:3   | Killed a catoblepas
 17185 | Lair:3   | Reached XP level 13. HP: 84/125 MP: 12/12
 17967 | Lair:4   | Found a staircase to the Shoals.
 18214 | Lair:3   | Reached skill level 15 in Fighting
 18396 | Lair:3   | Reached skill level 15 in Armour
 19169 | Lair:4   | Bought a glowing demon trident for 432 gold pieces
 20158 | Lair:5   | Found a viscous altar of Jiyva.
 20158 | Lair:5   | Found a staircase to the Slime Pits.
 20332 | Lair:5   | Found an iron altar of Okawaru.
 20722 | Lair:5   | You fall into a shaft and drop 1 floor!
 20722 | Lair:6   | Entered Level 6 of the Lair of Beasts
 20759 | Lair:6   | Reached XP level 14. HP: 88/137 MP: 13/13
 22540 | Lair:6   | Identified the +4 scimitar of Gehenna {vorpal, rC+}
 22559 | Lair:6   | Identified the ring of Roproryi {Will+ Dex+2}
 24160 | D:10     | Killed Maimakterion's ghost
 24364 | D:9      | Bought a buckler for 108 gold pieces
 24519 | D:12     | Found a staircase to the Orcish Mines.
 25366 | D:12     | Noticed Urug
 25377 | D:12     | Killed Urug
 25782 | D:13     | Found a runed translucent gate.
 25783 | D:13     | Found a runed translucent gate.
 25783 | D:13     | Found a runed translucent gate.
 25783 | D:13     | Noticed Tinaerub's ghost (journeyman DEWz)
 26254 | D:13     | You fall into a shaft and drop 2 floors!
 26254 | D:15     | Entered Level 15 of the Dungeon
 26431 | D:14     | Reached skill level 1 in Shields
 26431 | D:14     | Reached XP level 15. HP: 126/147 MP: 14/14
 27332 | D:13     | Killed Tinaerub's ghost
 27361 | D:13     | Bought the +8 whip of Orph {spect, rPois Int+2} for 1232
                  | gold pieces
 27470 | D:14     | Identified the +7 chain mail of Lyemapoe {rF++ Slay+3}
 27502 | D:14     | Noticed Azrael
 27517 | D:14     | Killed Azrael
 27652 | D:14     | Reached skill level 15 in Maces & Flails
 28062 | D:14     | Got the Compendium of Torrid Arcane Weapons
 28070 | D:14     | Found a gate to the Vaults.
 29238 | D:15     | Found a staircase to the Depths.
 29649 | Shoals:1 | Entered Level 1 of the Shoals
 29649 | Shoals:1 | Noticed Donald
 29815 | Orc:1    | Entered Level 1 of the Orcish Mines
 29825 | Orc:1    | Paralysed by an orc sorcerer for 4 turns
 30325 | Orc:2    | Entered Level 2 of the Orcish Mines
 30325 | Orc:2    | Found a staircase to the Elven Halls.
 30459 | Orc:2    | Found Nireulimech's Armour Shoppe.
 30459 | Orc:2    | Found Tenloc's General Store.
 31368 | Orc:2    | Bought a scroll of acquirement for 624 gold pieces
 31477 | Orc:2    | Found Heragoop's Antique Armour Shoppe.
 31477 | Orc:2    | Found Eduretyu's Jewellery Shop.
 31691 | Orc:2    | Found a burning altar of Makhleb.
 31783 | Orc:2    | Found a shimmering blue altar of Sif Muna.
 31998 | Orc:1    | Noticed an orc warlord
 32002 | Orc:1    | Reached XP level 16. HP: 159/159 MP: 15/15
 32584 | Shoals:1 | Killed Donald
 32867 | Shoals:1 | Identified the ring "Zashagiur" {rPois rC+ Will+++}
 33582 | Shoals:1 | Noticed a kraken
 33603 | Shoals:1 | Killed a kraken
 33947 | Lair:5   | Bought the ring "Foikh" {Fly rElec rF- rN+ Will+} for 445
                  | gold pieces
 35069 | Shoals:2 | Noticed a kraken
 35087 | Shoals:2 | Killed a kraken
 35778 | Shoals:2 | Identified the ring "Ugysong" {Fly rC+++ Dex+6 Stlth-}
 37142 | Shoals:3 | Found Cuymeots's Gadget Gallery.
 37475 | Shoals:3 | Noticed a kraken
 37503 | Shoals:3 | Killed a kraken
 37835 | Shoals:4 | Entered Level 4 of the Shoals
 38095 | Shoals:4 | Reached XP level 17. HP: 118/170 MP: 16/16
 40095 | Orc:2    | Bought a scroll of identify for 24 gold pieces
 40398 | Shoals:4 | Got a barnacled rune of Zot
 41374 | Spider:1 | Entered Level 1 of the Spider Nest
 41561 | Spider:1 | Noticed Asterion
 42028 | Spider:1 | HP: 8/170 [Executioner[Asterion] (4)]
 42029 | Spider:1 | Mangled by an Executioner

Illustrated notes

Levels and vault maps discovered:
D:1:      minmay_arrival_checkered_box, layout_loops_ring, serial_glass,
          glass_columns_a, glass_columns_b, feat_on_display, item_on_display_a,
          feat_on_display, minmay_misc_feat_x, minmay_misc_feat_more_columns,
          fountainhead, serial_bayou_pond_d
D:2:      kennysheep_big_flooded_room, layout_basic, uniq_robin,
          uniq_crazy_yiuf_cottage
D:3:      layout_basic, xom_butterflies, ebering_ecumenical_altar_abandoned
D:4:      wander_river, layout_gridville, mainiacjoe_overflow_boulevard
D:5:      layout_basic, overflow_temple_1_default, amcnicky_altar_gilded,
          uniq_ijyb
D:6:      layout_loops_corners, nicolae_qazlal_scattered_showers
D:7:      layout_basic, grunt_temple_overflow_open, minmay_temple_entry_tees,
          minmay_a_box_with_orc_wizards_in_it
D:8:      layout_cave_pools, trog_hazing_becter, minmay_lair_entry_grove,
          serial_shops, kennysheep_mini_moat, hellmonk_guarded_unrand_dark_maul,
          uniq_maurice, uniq_maggie
D:9:      lemuel_ice_spiral_2, layout_rooms, mainiacjoe_overflow_cross_hatched,
          serial_shops, shop_fountains, uniq_pikel, uniq_erica
D:10:     layout_gridville, gammafunk_ghost_wrathful_warriors
D:11:     layout_basic, gauntlet_entry_generic
D:12:     layout_irregular_city, david_orc_2, uniq_urug
D:13:     layout_basic, gammafunk_ghost_split
D:14:     layout_loops_cross, grunt_vaults_entry_fortified, dk_noncrumbling_2,
          uniq_azrael
D:15:     gammafunk_enter_depths_forms, layout_basic, serial_park_square2
Temple:   cyrus_circular_temple
Lair:1:   layout_small_grid, basic_altar, st_stairs_7, dpeg_stationary_puzzle,
          uniq_prince_ribbit2
Lair:2:   layout_chaotic_city, nicolae_spider_entry_orb_guardian
Lair:3:   beast_lair_carwin_large_4, layout_hall_layers,
          cheibrodos_lair_caveside_slide
Lair:4:   layout_hall_layers, minmay_shoals_entry_centaurs, grunt_megastairs_1
Lair:5:   layout_roguey [special_room_mythical_zoo],
          dpeg_slime_entry_enclosed_altar, basic_altar,
          infiniplex_staircase_pool_2, grunt_megastairs_4, serial_bayou_shore_a
Lair:6:   grunt_lair_end_beastmaster, layout_regular_city,
          hangedman_lair_unloving_vines
Shoals:1: layout_shoals, portal_ice_cave_entry_dragon, uniq_donald
Shoals:2: layout_shoals, nicolae_shoals_square_sea_wall
Shoals:3: layout_shoals, nicolae_shop_gadgets
Shoals:4: shoals_end_simple, layout_shoals
Spider:1: layout_spider_delve, uniq_asterion
Orc:1:    layout_caves, basic_altar
Orc:2:    st_orc_town, layout_caves, basic_altar, led_sif_book

Skill      XL: |  1  2  3  4  5  6  7  8  9 10 11 12 13 14 15 16 17 |
---------------+----------------------------------------------------+-----
Armour         | 1 2 3 4 6 8 9 11 13 14 16 17 18 19 20 | 20.2
Polearms       | 4 5 6 7 8 10 11 12 | 12.1
Fighting       | 3 4 5 6 8 10 11 13 14 16 17 18 19 20 | 20.3
Maces & Flails | 4 8 10 12 14 16 17 18 | 18.1
Shields        | 1 4 |  4.0
Throwing       | |  2.0
Dodging        | |  3.2

Action                   |  1- 3 |  4- 6 |  7- 9 | 10-12 | 13-15 | 16-18 || total
-------------------------+-------+-------+-------+-------+-------+-------++-------
Melee: Trident           |    96 |    78 |       |    15 |       |       ||   189
       Headbutt          |    11 |    19 |    41 |   139 |   353 |   247 ||   810
       Spear             |       |    53 |   243 |   579 |       |       ||   875
       Dire flail        |       |       |       |   130 |   155 |       ||   285
       Maul              |       |       |       |     1 |     5 |       ||     6
       Demon trident     |       |       |       |       |   690 |   276 ||   966
       Whip              |       |       |       |       |   466 |   585 ||  1051
Invok: Call Merchant     |       |       |       |       |     3 |     1 ||     4
Evoke: Wand              |       |       |       |     6 |     2 |       ||     8
  Use: Scroll            |       |       |     5 |     3 |    10 |     9 ||    27
       Potion            |       |       |     1 |       |     2 |     2 ||     5
 Stab: Sleeping          |       |       |     3 |       |     2 |       ||     5
       Distracted        |       |       |     1 |     5 |    15 |    16 ||    37
       Petrified         |       |       |       |       |     6 |       ||     6
       Confused          |       |       |       |       |     1 |       ||     1
       Held in net/web   |       |       |       |       |       |     2 ||     2
Armor: Leather armour    |     8 |       |       |    37 |     4 |       ||    49
       Ring mail         |    26 |    11 |       |       |       |       ||    37
       Chain mail        |       |    19 |     8 |       |    91 |   328 ||   446
       Robe              |       |       |    30 |    57 |   226 |       ||   313
Dodge: Dodged            |    47 |    52 |    77 |   297 |   670 |   266 ||  1409
Block: Other             |       |       |    14 |   103 |    98 |       ||   215
       Reflection        |       |       |     2 |     7 |    23 |    31 ||    63
       Buckler           |       |       |       |       |   196 |   362 ||   558

Table legend: (Time is in decaauts)
 A = Elapsed time spent in this place.
 B = Non-inter-level travel time spent in this place.
 C = Inter-level travel time spent in this place.
 D = Time resting spent in this place.
 E = Time spent auto-exploring this place.
 F = Levels seen in this place.
 G = Mean time per level.
                   A        B        C        D        E       F      G
               +--------+--------+--------+--------+--------+-----+--------+
         Total |  41099 |  37695 |   3404 |   3602 |  26967 |  31 | 1325.8 |
       Dungeon |  19600 |  17638 |   1962 |   1357 |  13020 |  15 | 1306.7 |
        Temple |     65 |     65 |      0 |      0 |     35 |   1 |   65.0 |
          Lair |   9779 |   8968 |    811 |    722 |   6682 |   6 | 1629.8 |
        Shoals |   7565 |   7034 |    531 |    836 |   5039 |   4 | 1891.2 |
   Spider Nest |    630 |    630 |      0 |    200 |    258 |   1 |  630.0 |
  Orcish Mines |   2267 |   2170 |     97 |    285 |   1317 |   2 | 1133.5 |
         Abyss |     20 |     20 |      0 |      0 |      0 |   1 |   20.0 |
      Gauntlet |   1171 |   1171 |      0 |    201 |    615 |   1 | 1171.0 |
               +--------+--------+--------+--------+--------+-----+--------+

Top non-repeatable levels by time:
  Lair:6: 2509 daAuts
Shoals:4: 2124 daAuts
     D:7: 2046 daAuts
Shoals:2: 2045 daAuts
Shoals:1: 1929 daAuts
    D:10: 1928 daAuts
  Lair:3: 1747 daAuts
    D:12: 1676 daAuts
     D:9: 1566 daAuts
Shoals:3: 1465 daAuts
  Lair:4: 1428 daAuts
  Lair:5: 1422 daAuts
    D:14: 1416 daAuts
  Lair:2: 1356 daAuts
  Lair:1: 1314 daAuts
